 Dungeon Crawl Stone Soup version 0.21.1-1-g345015f (webtiles) character file.

343 Kairos the Chopper (level 6, -1/56 HPs)
             Began as a Deep Dwarf Monk on May 3, 2018.
             Slain by an orc
             ... wielding a +0 trident
              (2 damage)
             ... on level 4 of the Dungeon.
             The game lasted 00:05:44 (2755 turns).

Kairos the Chopper (Deep Dwarf Monk)                Turns: 2755, Time: 00:05:45

Health: -1/56      AC:  9    Str: 17    XL:     6   Next: 31%
Magic:  5/5        EV:  9    Int: 10    God:
Gold:   248        SH:  0    Dex: 15    Spells: 5/5 levels left

rFire    . . .     SeeInvis .   a - +0 hand axe
rCold    . . .     Gourm    .   (no shield)
rNeg     . . .     Faith    .   r - +0 chain mail
rPois    .         Spirit   .   n - +0 helmet
rElec    .         Reflect  .   l - scarf {cloud immunity}
rCorr    .         Harm     .   (no gloves)
MR       +....                  (no boots)
Stlth    ..........             (no amulet)
HPRegen  0.00/turn              s - ring of protection from magic
MPRegen  0.09/turn              (no ring)

@: non-regenerating
A: damage resistance, heal wounds, sense surroundings 1, no regeneration
a: Heal Wounds


You were on level 4 of the Dungeon.
You were not hungry.

You visited 1 branch of the dungeon, and saw 4 of its levels.

You collected 248 gold pieces.

Inventory:

Hand Weapons
 a - a +0 hand axe (weapon)
 v - a +0 dire flail
Armour
 b - a +0 robe
 l - a scarf of cloud immunity (worn)
 m - a +0 scale mail
 n - a +0 helmet (worn)
 r - a +0 chain mail (worn)
Jewellery
 s - a ring of protection from magic (left hand)
Wands
 d - a wand of paralysis (10)
 q - a wand of digging (9)
Scrolls
 i - 2 scrolls of fear
 k - a scroll of enchant weapon
 o - 2 scrolls of teleportation
 p - a scroll of immolation {unknown}
 t - a scroll of remove curse {unknown}
 u - 2 scrolls of identify
Potions
 e - a potion of brilliance {unknown}
 f - a potion of curing
 g - 3 potions of flight {unknown}
 h - 2 potions of degeneration {unknown}
 j - a potion of agility
 w - a potion of lignification {unknown}
 x - a potion of cancellation {unknown}
Comestibles
 c - 9 rations
 z - 2 chunks of flesh


   Skills:
 + Level 3.5 Fighting
 + Level 5.3 Axes
 + Level 2.2 Armour
 + Level 4.3 Dodging
 + Level 4.3 Stealth
 + Level 0.2 Evocations


You had 5 spell levels left.
You didn't know any spells.

Dungeon Overview and Level Annotations

Branches:
Dungeon (4/15)
 Temple: D:4-7

Altars:
Ashenzari
Okawaru
Trog
Wu Jian
Xom


Innate Abilities, Weirdness & Mutations

You are resistant to damage.
You can heal yourself by infusing magical energy.
You passively map a small area around you.
You do not regenerate.


Message History

The orc priest is almost dead.
You closely miss something. You closely miss the orc wizard.
The orc barely misses you.
The orc priest mumbles some strange prayers to Beogh against you.
You easily resist.
Something hits you.
* * * LOW HITPOINT WARNING * * *
The orc wizard barely misses you.
You completely miss the orc priest.
The orc priest is almost dead.
You hit the orc wizard but do no damage.
You hit something. The orc barely misses you. The orc priest hits you.
The orc wizard hits you but does no damage.
Something hits you but does no damage.
You hit the orc priest but do no damage.
The orc priest is almost dead.
You hit something. You completely miss the orc wizard.
The orc priest invokes the aid of Beogh against you.
You easily resist.
The orc wizard closely misses you.
The orc hits you from afar with a trident.
You die...

* * #....### ..#
##...#...#. #..
###...####....
*..####.#...
#.... #..#.....#
##... *.......##
#... , *
#o......# ##.. *
, #.oo....## #..
* ..####.@......#
##<
........{.....#
#.
###..##..[....##
##. * #.
#........# ##.O
.., *##.<.....#
##..g ..
#.......#####....
* , > *
##..............g
,**
#.......##......
* ,
##......###.....


You could see an orc priest, an orc wizard and an orc.

Vanquished Creatures
  A howler monkey (D:4)
  A centaur skeleton (D:4)
  A hound (D:3)
  Ijyb (D:3)
  3 worker ants (D:4)
  An iguana (D:3)
  5 adders
  A dart slug (D:3)
  A leopard gecko (D:4)
  4 orcs
  6 bats
  2 giant cockroaches
  7 goblins
  11 hobgoblins
  7 jackals (D:3)
  3 quokkas
  4 frilled lizards
  7 kobolds
  9 rats
75 creatures vanquished.

Notes
Turn   | Place    | Note
-------+----------+-------------------------------------------
     0 | D:1      | Kairos the Deep Dwarf Monk began the quest for the Orb.
     0 | D:1      | Reached XP level 1. HP: 20/20 MP: 1/1
   130 | D:1      | Reached XP level 2. HP: 18/27 MP: 2/2
   756 | D:2      | Reached XP level 3. HP: 28/34 MP: 2/2
  1173 | D:3      | Noticed Ijyb
  1271 | D:3      | Reached skill level 4 in Axes
  1343 | D:3      | Reached XP level 4. HP: 11/42 MP: 3/3
  1425 | D:3      | Found a shattered altar of Ashenzari.
  1746 | D:3      | Killed Ijyb
  1791 | D:3      | Reached XP level 5. HP: 34/49 MP: 4/4
  2061 | D:4      | Reached skill level 1 in Armour
  2133 | D:4      | Reached skill level 5 in Axes
  2156 | D:4      | Reached XP level 6. HP: 17/56 MP: 5/5
  2160 | D:4      | Found an iron altar of Okawaru.
  2160 | D:4      | Found a shimmering altar of Xom.
  2161 | D:4      | Found an ornate altar of the Wu Jian Council.
  2580 | D:4      | Found a bloodstained altar of Trog.
  2753 | D:4      | HP: 1/56 [something (2)]
  2755 | D:4      | Slain by an orc

Skill      XL: |  1  2  3  4  5  6 |
---------------+-------------------+-----
Fighting       | 3 |  3.5
Axes           | 4 5 |  5.3
Dodging        | 4 |  4.3
Stealth        | 3 4 |  4.3
Armour         | 1 2 |  2.2
Evocations     | |  0.2

Action                   |  1- 3 |  4- 6 || total
-------------------------+-------+-------++-------
Melee: Hand axe          |    99 |   191 ||   290
       Dire flail        |       |    11 ||    11
 Abil: Heal Wounds       |     1 |     2 ||     3
Evoke: Wand              |       |     2 ||     2
  Use: Scroll            |       |     4 ||     4
       Potion            |       |     2 ||     2
 Stab: Sleeping          |     3 |       ||     3
       Paralysed         |       |    10 ||    10
  Eat: Chunk             |       |     6 ||     6
Armor: Robe              |    11 |       ||    11
       Scale mail        |    12 |    64 ||    76
       Chain mail        |       |    73 ||    73
Dodge: Dodged            |    94 |   131 ||   225
